[Event "Titled Tuesday Blitz September 21 2021"]
[White "Tanenbaum, Zachary"]
[Black "Czerw, Dawid"]
[WhiteFideId "2060850"]
[BlackFideId "1145746"]
[WhiteElo "2165"]
[BlackElo "2075"]
[Result "0-1"]
[Round "02"]
[TimeControl "180+1"]
[Date "2021.09.21"]
[WhiteClock "0:00:03"]
[BlackClock "0:00:08"]

1. e4 c5 2. Nf3 g6 3. d4 cxd4 4. Nxd4 Nc6 5. Nc3 Bg7 6. Be3 Nf6 7. Bc4 Qa5 8. O-O O-O 9. Nb3 Qc7 10. Be2 a6 11. f4 d6 12. a4 Be6 13. Qd2 Rac8 14. f5 Bxb3 15. cxb3 Na5 16. Qd1 Rfe8 17. Rc1 Qb8 18. Bb6 Nc6 19. Nd5 Nxd5 20. Qxd5 Ne5 21. fxg6 hxg6 22. Bc4 e6 23. Qd2 Rc6 24. a5 Qc8 25. Qf2 Qd7 26. Rcd1 Rec8 27. Bd4 Qe7 28. Bc3 Nxc4 29. Bxg7 Kxg7 30. bxc4 Rxc4 31. Rd2 Rxe4 32. Rd3 d5 33. Rf3 Rc7 34. Rg3 Qc5 35. h3 Re2 36. Qxc5 Rxc5 37. Rb3 Rb5 38. Rxb5 axb5 39. Rc1 Rxb2 40. Rc7 Ra2 41. Rxb7 Rxa5 42. Kf2 Kf6 43. Ke3 e5 44. Rd7 Ra3+ 45. Ke2 Ke6 46. Rb7 Rb3 47. g4 e4 48. h4 d4 49. h5 gxh5 50. gxh5 Rb2+ 51. Ke1 d3 52. h6 e3 53. Kf1 e2+ 54. Kf2 Rb1 55. Rb6+ Kf5 56. Kg2 e1=Q 57. h7 Qe2+ 58. Kg3 Rg1+ 59. Kh3 Qh5# 0-1


[Site "https://www.chess.com"]

[Event "Titled Tuesday Blitz September 21 2021"]
[White "Tisaj, Domen"]
[Black "Martins, Vinicius Tine"]
[WhiteFideId "14628708"]
[BlackFideId "2112884"]
[WhiteElo "2272"]
[BlackElo "2373"]
[Result "1-0"]
[Round "02"]
[TimeControl "180+1"]
[Date "2021.09.21"]
[WhiteClock "0:00:03"]
[BlackClock "0:00:02"]

1. d4 d5 2. c4 c6 3. Nf3 Nf6 4. g3 Bf5 5. Nc3 e6 6. Qb3 Qb6 7. c5 Qc7 8. Bf4 Qc8 9. Nh4 Bg6 10. Bg2 Nbd7 11. O-O Be7 12. Nxg6 hxg6 13. Qc2 Nh5 14. Bd2 f5 15. b4 Kf7 16. f3 Qc7 17. e4 Nxg3 18. hxg3 Qxg3 19. Rf2 Qh2+ 20. Kf1 Bh4 21. Re2 fxe4 22. fxe4 Raf8 23. Bf3 Qh3+ 24. Bg2 Qh2 25. Bf3 Qh3+ 26. Kg1 Kg8 27. Bg2 Qg4 28. Rf1 Rxf1+ 29. Kxf1 Bg3 30. Qd3 Nf6 31. Qf3 Qh4 32. exd5 exd5 33. Be1 Nh5 34. Re8+ Kh7 35. Rxh8+ Kxh8 36. Bxg3 Nxg3+ 37. Kg1 Nf5 38. Ne2 Qe1+ 39. Qf1 Qxb4 40. Qf2 Qd2 41. Nf4 Qd1+ 42. Kh2 Kh7 43. Bf3 Qc1 44. Nh3 Nxd4 45. Qxd4 Qc2+ 46. Bg2 Qxa2 47. Ng5+ Kg8 48. Qe5 1-0


[Site "https://www.chess.com"]

[Event "Titled Tuesday Blitz September 21 2021"]
[White "Tomaszewski, Kacper"]
[Black "Murzin, Volodar"]
[WhiteFideId "1127373"]
[BlackFideId "44155573"]
[WhiteElo "2153"]
[BlackElo "2514"]
[Result "0-1"]
[Round "02"]
[TimeControl "180+1"]
[Date "2021.09.21"]
[WhiteClock "0:00:02"]
[BlackClock "0:00:03"]

1. d4 d5 2. c4 c6 3. cxd5 cxd5 4. Bf4 e6 5. e3 Bd6 6. Bg3 Ne7 7. Nc3 Nbc6 8. Bd3 O-O 9. Nf3 f6 10. Rc1 Kh8 11. Bb1 Bb8 12. Nh4 Bd7 13. Qh5 f5 14. Nf3 Be8 15. Qh3 Rf6 16. Bxb8 Qxb8 17. Ng5 h6 18. Nf3 Kg8 19. Qg3 Bh5 20. Qxb8+ Rxb8 21. Ne5 Nxe5 22. dxe5 Rg6 23. Rg1 Bf3 24. Kf1 Be4 25. Bxe4 fxe4 26. f4 exf3 27. gxf3 Rf8 28. f4 d4 29. Rxg6 Nxg6 30. exd4 Rxf4+ 31. Ke2 Rxd4 32. Ke3 Rb4 33. b3 Nxe5 34. Ne4 Ng4+ 35. Kd3 Nxh2 36. Rc8+ Kh7 37. Rc7 Nf3 38. Nd6 Rd4+ 39. Ke3 Rxd6 40. Kxf3 Ra6 41. a4 Rb6 42. Ke4 Rxb3 43. Ke5 Rb4 44. Kxe6 Rxa4 45. Rxb7 h5 46. Kf5 h4 47. Kg5 a5 48. Rb3 Rb4 49. Rh3 a4 50. Ra3 Kg8 51. Kg6 Kf8 52. Re3 Rg4+ 53. Kf5 Rg3 54. Re4 h3 55. Rxa4 g5 56. Kf6 Ke8 57. Ke6 Kd8 58. Kd6 Kc8 59. Kc6 Rc3+ 60. Kd6 h2 61. Ra1 g4 62. Ke5 g3 0-1


[Site "https://www.chess.com"]

[Event "Titled Tuesday Blitz September 21 2021"]
[White "Tong, Hai Anh"]
[Black "Djordjevic, Vuk"]
[WhiteFideId "12412805"]
[BlackFideId "902098"]
[WhiteElo "1467"]
[BlackElo "2463"]
[Result "0-1"]
[Round "02"]
[TimeControl "180+1"]
[Date "2021.09.21"]
[WhiteClock "0:00:23"]
[BlackClock "0:00:55"]

1. Nf3 Nf6 2. g3 e6 3. Bg2 d5 4. O-O Be7 5. d3 O-O 6. Nbd2 c5 7. e4 b5 8. h3 a5 9. g4 Nc6 10. Re1 c4 11. e5 Nd7 12. d4 a4 13. c3 a3 14. Nf1 axb2 15. Bxb2 b4 16. N3h2 Bg5 17. Ng3 Nb6 18. Rf1 Na4 19. Qc2 Qa5 20. f4 Nxb2 21. Qxb2 bxc3 22. Qc2 Nxd4 23. Qf2 Be7 24. Nf3 Nb3 25. axb3 Qxa1 26. Rxa1 Rxa1+ 27. Kh2 cxb3 28. Ng5 Bxg5 29. fxg5 c2 30. Nh5 c1=Q 31. Qh4 Qg1+ 32. Kg3 Qe1+ 33. Kh2 0-1


[Site "https://www.chess.com"]

[Event "Titled Tuesday Blitz September 21 2021"]
[White "Torres Hernandez, Leslie Carolin"]
[Black "Moksh Amit Doshi"]
[WhiteFideId "8400504"]
[BlackFideId "25064967"]
[WhiteElo "1920"]
[BlackElo "2245"]
[Result "0-1"]
[Round "02"]
[TimeControl "180+1"]
[Date "2021.09.21"]
[WhiteClock "0:00:09"]
[BlackClock "0:01:41"]

1. e4 c5 2. Nc3 d6 3. g3 Nf6 4. Bg2 g6 5. Nge2 Nc6 6. O-O Bg7 7. d3 O-O 8. h3 Rb8 9. f4 Bd7 10. Be3 b5 11. Qd2 b4 12. Nd1 a5 13. g4 a4 14. Ng3 a3 15. Rb1 axb2 16. Nxb2 Ra8 17. Nc4 Rxa2 18. e5 Ne8 19. exd6 exd6 20. f5 Nd4 21. Rb2 Rxb2 22. Nxb2 Nxf5 23. Nxf5 gxf5 24. Nc4 fxg4 25. hxg4 Bxg4 26. Bh6 d5 27. Bxg7 Nxg7 28. Ne5 Be6 29. Qh6 f6 30. Nf3 Qe8 31. Re1 Qg6 32. Qh2 Bg4 33. Qf4 Bxf3 34. Qxf3 d4 35. Qd5+ Kh8 36. Qxc5 Re8 37. Rxe8+ Qxe8 38. Qxd4 Qe1+ 39. Kh2 Qe5+ 40. Qxe5 fxe5 41. Kg3 Nf5+ 42. Kf3 Nh4+ 43. Kg3 Nxg2 44. Kxg2 Kg7 45. Kf3 Kf6 46. Ke4 h5 47. Kd5 h4 48. Kc4 h3 49. Kxb4 h2 50. c4 h1=Q 51. c5 0-1


[Site "https://www.chess.com"]

[Event "Titled Tuesday Blitz September 21 2021"]
[White "Trent, Lawrence"]
[Black "Kovacs, Klara"]
[WhiteFideId "408638"]
[BlackFideId "733210"]
[WhiteElo "2474"]
[BlackElo "2137"]
[Result "0-1"]
[Round "02"]
[TimeControl "180+1"]
[Date "2021.09.21"]
[WhiteClock "0:00:29"]
[BlackClock "0:00:09"]

1. d4 Nf6 2. Bg5 c5 3. d5 d6 4. Nc3 g6 5. Qd2 Bg7 6. e4 h6 7. Bf4 a6 8. a4 Nbd7 9. f3 b6 10. g4 g5 11. Be3 Nf8 12. h4 gxh4 13. Rxh4 Ng6 14. Rh2 h5 15. g5 Nd7 16. f4 Bb7 17. Bh3 Qc7 18. Nf3 O-O-O 19. Qf2 Kb8 20. Nd2 Rde8 21. Nc4 e6 22. dxe6 fxe6 23. Qd2 d5 24. exd5 Bxc3 25. bxc3 exd5 26. Bxd7 Qxd7 27. Nxb6 Qe6 28. Re2 Qxb6 29. a5 Qc6 30. f5 Nh4 31. Qd3 c4 32. Bf4+ Ka8 33. Qh3 Rxe2+ 34. Kxe2 Re8+ 35. Kd2 d4 36. Qxh4 Qg2+ 37. Kc1 dxc3 38. Kb1 Rd8 39. Qe1 Qf3 40. Bc7 Rd1+ 41. Ka2 Rxe1 42. Rxe1 Be4 43. f6 Kb7 44. Bb6 Bxc2 45. Re7+ Kc6 46. f7 Bg6 47. Re6+ Kb5 48. Rxg6 Qe2+ 49. Kb1 Qb2# 0-1


[Site "https://www.chess.com"]

[Event "Titled Tuesday Blitz September 21 2021"]
[White "Tristan, Leonardo"]
[Black "Markidis, Konstantinos"]
[WhiteFideId "113816"]
[BlackFideId "4203500"]
[WhiteElo "2404"]
[BlackElo "2304"]
[Result "1/2-1/2"]
[Round "02"]
[TimeControl "180+1"]
[Date "2021.09.21"]
[WhiteClock "0:00:06"]
[BlackClock "0:00:19"]

1. d4 Nf6 2. Nf3 e6 3. Bf4 d5 4. e3 Bd6 5. Bg3 O-O 6. c4 c5 7. Nc3 cxd4 8. Nxd4 Nc6 9. cxd5 exd5 10. Be2 Bxg3 11. hxg3 Qb6 12. Nb3 Rd8 13. Qd2 d4 14. Na4 dxe3 15. Qxe3 Qxe3 16. fxe3 Nb4 17. Nd4 Bg4 18. Nc3 Re8 19. Kf2 Bxe2 20. Kxe2 Nbd5 21. Nxd5 Nxd5 22. Nc2 Rac8 23. Rac1 Rc6 24. Rhd1 Nf6 25. Nd4 Rxc1 26. Rxc1 h5 27. Rc7 Rxe3+ 28. Kf1 Nd5 29. Rxb7 Nf6 30. Rxa7 Rxg3 31. Ra8+ Kh7 32. Ra7 Kg8 33. Ra8+ Kh7 34. Ra7 Kg8 1/2-1/2


[Site "https://www.chess.com"]

[Event "Titled Tuesday Blitz September 21 2021"]
[White "Tsaruk, Maksim"]
[Black "Perez Torres, Nabi Isaias"]
[WhiteFideId "13511173"]
[BlackFideId "5120373"]
[WhiteElo "2195"]
[BlackElo "1755"]
[Result "1-0"]
[Round "02"]
[TimeControl "180+1"]
[Date "2021.09.21"]
[WhiteClock "0:01:14"]
[BlackClock "0:00:01"]

1. e4 c5 2. Nf3 d6 3. d4 cxd4 4. Nxd4 Nf6 5. Nc3 g6 6. Be3 Bg7 7. f3 O-O 8. Qd2 Nc6 9. g4 Be6 10. Nxe6 fxe6 11. O-O-O Ne5 12. Be2 Rc8 13. Kb1 Nfd7 14. f4 Nc4 15. Bxc4 Rxc4 16. Qd3 b5 17. Nxb5 Rc6 18. Nxa7 Rc7 19. Nb5 Rb7 20. a4 Qa8 21. b3 Rfb8 22. Bd4 Nc5 23. Bxc5 Rxb5 24. Bd4 Qxa4 25. Bxg7 Kxg7 26. Qd4+ Qxd4 27. Rxd4 Rf8 28. e5 d5 29. g5 h6 30. h4 hxg5 31. hxg5 Rc8 32. Kb2 Rbc5 33. Rh2 Rc3 34. Rhd2 Rf3 35. b4 Rf8 36. c4 dxc4 37. Rxc4 R3xf4 38. Rxf4 Rxf4 39. Kb3 Re4 40. b5 Rxe5 41. Kb4 Rxg5 42. b6 Rg1 43. Rd3 Rh1 44. b7 Rh8 45. Kc5 Rb8 46. Kc6 Kf6 47. Kc7 Rxb7+ 48. Kxb7 g5 49. Kc6 Kf5 50. Rf3+ Ke4 51. Rf7 g4 52. Rxe7 g3 53. Rxe6+ Kf3 54. Rf6+ Ke2 55. Re6+ Kf2 56. Rf6+ Kg1 57. Kd5 g2 58. Ke4 Kh2 59. Rh6+ Kg3 60. Rg6+ 1-0


[Site "https://www.chess.com"]

[Event "Titled Tuesday Blitz September 21 2021"]
[White "Turzo, Attila"]
[Black "Timmermans, Mark"]
[WhiteFideId "704954"]
[BlackFideId "1026399"]
[WhiteElo "2487"]
[BlackElo "2460"]
[Result "0-1"]
[Round "02"]
[TimeControl "180+1"]
[Date "2021.09.21"]
[WhiteClock "0:00:12"]
[BlackClock "0:00:11"]

1. d4 Nf6 2. c4 e6 3. Nf3 d5 4. Nc3 dxc4 5. e4 b5 6. e5 Nd5 7. Nxb5 Nb6 8. Be2 Nc6 9. O-O Be7 10. Be3 Ba6 11. Nc3 Nb4 12. b3 cxb3 13. Bxa6 Nxa6 14. axb3 Nb4 15. Ne4 h6 16. Qd2 N4d5 17. Ra6 Nb4 18. Ra5 N6d5 19. Rfa1 Qb8 20. Qc1 Nxe3 21. fxe3 O-O 22. Nc5 Rc8 23. Qc4 Bxc5 24. Rxc5 c6 25. Nd2 Rc7 26. Ne4 Nd5 27. Kf2 Rb7 28. Ra3 f5 29. exf6 Qxh2 30. Rxc6 Qh4+ 31. Ng3 Rf7 32. Rxe6 Nxf6 33. d5 Ng4+ 34. Ke2 Qxg3 35. d6 Qxg2+ 36. Kd3 Nf2+ 37. Kc3 Nd1+ 38. Kb4 Qd2+ 39. Ka4 Nb2+ 40. Kb5 Nxc4 0-1


[Site "https://www.chess.com"]

[Event "Titled Tuesday Blitz September 21 2021"]
[White "ValeriyGrinev"]
[Black "Abdrlauf, Elham"]
[BlackFideId "1533533"]
[WhiteElo "2587"]
[BlackElo "2347"]
[Result "0-1"]
[Round "02"]
[TimeControl "180+1"]
[Date "2021.09.21"]
[WhiteClock "0:00:04"]
[BlackClock "0:00:04"]

1. d4 Nf6 2. c4 e6 3. Nc3 d5 4. cxd5 exd5 5. Bg5 c6 6. e3 Bd6 7. Bd3 O-O 8. Qc2 h6 9. Bh4 Re8 10. Nge2 a5 11. Bg3 Na6 12. Bxd6 Qxd6 13. a3 Nc7 14. O-O Ne6 15. Ng3 Ng5 16. Rae1 Bd7 17. f3 Rac8 18. Qf2 c5 19. Nf5 Bxf5 20. Bxf5 Rcd8 21. Rd1 Ne6 22. Qg3 Qxg3 23. hxg3 cxd4 24. exd4 g6 25. Bb1 Rc8 26. Ba2 Red8 27. Kf2 b5 28. Rd2 b4 29. axb4 axb4 30. Nd1 Rb8 31. Bb3 Nc7 32. Ne3 Nb5 33. Rc1 Rd7 34. Rc5 Nc7 35. Rc6 Kg7 36. Ke2 Ne6 37. Kd3 Ra8 38. Rb6 Ra1 39. Rxb4 Ng5 40. Rd1 Raa7 41. Rc1 Rab7 42. Rxb7 Rxb7 43. Rc3 Ne6 44. Nc2 h5 45. Kd2 Rb8 46. Kc1 Rh8 47. Rd3 h4 48. gxh4 Rxh4 49. g4 Rh3 50. Kd2 Rh2+ 51. Kc3 Nf4 52. Re3 Rh3 53. Ba2 Ng2 54. Rd3 Nf4 55. Re3 Nh7 56. b4 Ng2 57. Rd3 Nf4 58. Re3 Ng2 59. Re2 Rxf3+ 60. Kb2 Nf4 61. Rd2 Nd3+ 62. Ka3 Nc5+ 63. Kb2 Nd3+ 64. Ka3 Nc5+ 65. Kb2 Na4+ 66. Ka1 Nf6 67. Bb1 Ne4 68. Re2 Rb3 69. Re1 Nec3 70. Ba2 Nxa2 71. Kxa2 Rc3 72. Kb1 Rb3+ 73. Ka2 Rc3 74. Kb1 f5 75. gxf5 gxf5 76. Re7+ Kf6 77. Ra7 Rb3+ 78. Ka2 Rb2+ 79. Ka3 Rxc2 80. Rxa4 f4 81. Ra8 Rc7 82. Rf8+ Rf7 83. Rh8 f3 84. Rh2 Kf5 85. b5 Ke4 86. Kb4 f2 87. Rh4+ Ke3 88. Rh1 f1=Q 89. Rxf1 Rxf1 90. b6 Rb1+ 91. Kc5 Rxb6 92. Kxb6 Kxd4 0-1


[Site "https://www.chess.com"]

[Event "Titled Tuesday Blitz September 21 2021"]
[White "Vasli, Aref"]
[Black "Pakleza, Zbigniew"]
[WhiteFideId "417521"]
[BlackFideId "1119290"]
[WhiteElo "2257"]
[BlackElo "2526"]
[Result "1/2-1/2"]
[Round "02"]
[TimeControl "180+1"]
[Date "2021.09.21"]
[WhiteClock "0:00:11"]
[BlackClock "0:00:05"]

1. d4 d6 2. g3 e5 3. dxe5 dxe5 4. Qxd8+ Kxd8 5. Bg2 c6 6. Nf3 f6 7. O-O Kc7 8. c4 a5 9. Nc3 Na6 10. Be3 Be6 11. Nd2 Bc5 12. Bxc5 Nxc5 13. Rac1 Ne7 14. Nd5+ Kd6 15. Nb6 Rad8 16. Rfd1 Kc7 17. Nd5+ cxd5 18. cxd5 Bxd5 19. Rxc5+ Kb6 20. Rcc1 a4 21. a3 Bf7 22. Ne4 Bb3 23. Rd6+ Rxd6 24. Nxd6 Rd8 25. Nxb7 Rd2 26. Nc5 Nf5 27. e3 Nd6 28. Nd7+ Ka5 29. Bf1 Nb7 30. Rc7 Rd1 31. Kg2 Bd5+ 32. f3 Rd2+ 33. Kh3 Rxb2 34. e4 Be6+ 35. g4 h5 36. Nf8 hxg4+ 37. Kg3 Ba2 38. fxg4 Kb6 39. Rxg7 Rb3+ 40. Kh4 Rxa3 41. Nd7+ Ka5 42. Nxf6 Nc5 43. Re7 Rf3 44. Rxe5 Rxf6 45. Rxc5+ Kb4 46. Rf5 Rxf5 47. exf5 Bb3 48. Bd3 a3 49. Bb1 Kc3 50. g5 Kb2 51. Ba2 Bxa2 52. g6 Bb1 53. Kg5 Bxf5 54. Kxf5 a2 55. g7 a1=Q 56. g8=Q Qf1+ 57. Ke6 Qe2+ 58. Kf7 Qxh2 59. Kg7 Qc2 60. Kf8 Qc3 61. Qd5 Qc8+ 62. Ke7 Qc7+ 63. Ke6 Kc3 64. Qe5+ Qxe5+ 65. Kxe5 1/2-1/2


[Site "https://www.chess.com"]

[Event "Titled Tuesday Blitz September 21 2021"]
[White "Visakh N R"]
[Black "Manukyan, Sargis A."]
[WhiteFideId "25012223"]
[BlackFideId "13303970"]
[WhiteElo "2454"]
[BlackElo "2187"]
[Result "1-0"]
[Round "02"]
[TimeControl "180+1"]
[Date "2021.09.21"]
[WhiteClock "0:00:15"]
[BlackClock "0:00:09"]

1. d4 e6 2. c4 c5 3. d5 exd5 4. cxd5 d6 5. Nc3 a6 6. a4 Ne7 7. Nf3 Ng6 8. h4 Nd7 9. h5 Nge5 10. e4 Nxf3+ 11. Qxf3 Be7 12. Qg3 Bf6 13. Bf4 Ne5 14. Be2 h6 15. O-O Qe7 16. Be3 O-O 17. Bxh6 Rb8 18. f4 Nd7 19. e5 dxe5 20. Ne4 Kh7 21. Nxf6+ Qxf6 22. Bg5 Qf5 23. Rae1 e4 24. Bg4 Qxd5 25. Rd1 Qc6 26. Bf5+ Kh8 27. Be7 Rg8 28. Rd6 Qc7 29. Qg5 Nf8 30. Rh6+ gxh6 31. Qxh6+ Nh7 32. Bf6+ Rg7 33. Qxh7# 1-0


[Site "https://www.chess.com"]

[Event "Titled Tuesday Blitz September 21 2021"]
[White "Vlassov, Nikolai"]
[Black "Tang, Andrew"]
[WhiteFideId "4103360"]
[BlackFideId "2059630"]
[WhiteElo "2407"]
[BlackElo "2588"]
[Result "0-1"]
[Round "02"]
[TimeControl "180+1"]
[Date "2021.09.21"]
[WhiteClock "0:00:02"]
[BlackClock "0:01:59"]

1. e4 b5 2. Bxb5 f5 3. exf5 c6 4. Qh5+ g6 5. fxg6 Bg7 6. gxh7+ Kf8 7. Bd3 Nf6 8. Qf3 e5 9. Bf5 d5 10. Bxc8 Qxc8 11. d3 Qe6 12. Nc3 Rxh7 13. Nh3 Qe7 14. Ng5 Rh5 15. h4 Nd7 16. g4 Rh8 17. h5 Kg8 18. Bd2 Rf8 19. Qg3 Rb8 20. O-O-O Qb4 21. b3 a5 22. Ne6 a4 23. Nxg7 Qa3+ 24. Kb1 d4 25. g5 axb3 26. cxb3 Rxb3+ 27. axb3 Qxb3+ 28. Kc1 dxc3 29. Bxc3 Qxc3+ 30. Kb1 Kf7 31. g6+ Ke7 32. Nf5+ Ke6 33. Ng7+ Kd6 34. Nf5+ Kc7 0-1


[Site "https://www.chess.com"]

[Event "Titled Tuesday Blitz September 21 2021"]
[White "Vokhidov, Shamsiddin"]
[Black "Guz, Ari"]
[WhiteFideId "14204223"]
[BlackFideId "2825759"]
[WhiteElo "2616"]
[BlackElo "1913"]
[Result "1-0"]
[Round "02"]
[TimeControl "180+1"]
[Date "2021.09.21"]
[WhiteClock "0:01:38"]
[BlackClock "0:01:05"]

1. e4 c5 2. Nf3 e6 3. d4 cxd4 4. Nxd4 a6 5. c4 Nf6 6. Nc3 Qc7 7. a3 Nc6 8. Be3 Be7 9. Be2 O-O 10. O-O d6 11. Rc1 Nxd4 12. Qxd4 Bd7 13. Rfd1 Bc6 14. Nd5 Qd8 15. Nxe7+ Qxe7 16. f3 Rfd8 17. b4 b5 18. Qb6 Be8 19. c5 d5 20. c6 dxe4 21. Rxd8 Qxd8 22. c7 Qc8 23. fxe4 Nd7 24. Qc6 h6 25. Qxa8 1-0


[Site "https://www.chess.com"]

[Event "Titled Tuesday Blitz September 21 2021"]
[White "Volkov, Maksim"]
[Black "Vignesh, N R"]
[WhiteFideId "54123070"]
[BlackFideId "25012215"]
[WhiteElo "2113"]
[BlackElo "2395"]
[Result "1-0"]
[Round "02"]
[TimeControl "180+1"]
[Date "2021.09.21"]
[WhiteClock "0:01:16"]
[BlackClock "0:01:16"]

1. d4 Nf6 2. c4 g6 3. g3 Bg7 4. Nf3 O-O 5. Bg2 d6 6. O-O Nbd7 7. Nc3 e5 8. e4 c6 9. h3 Qb6 10. dxe5 Nxe5 11. Nxe5 dxe5 12. b3 Be6 13. Be3 Qa5 14. Qc2 Rfd8 15. Rfd1 Ne8 16. Na4 Bf8 17. Bd2 Bb4 18. Bg5 f6 19. Be3 Rxd1+ 20. Rxd1 Be7 21. c5 Rd8 22. f4 Qc7 23. Kh2 exf4 24. Bxf4 Qc8 25. e5 fxe5 26. Bxe5 Bf6 27. Bf4 Nc7 28. Nc3 Bf7 29. Ne4 Be7 30. Nd6 Bxd6 31. cxd6 Nd5 32. Be5 Ne3 33. Qd2 Nxd1 34. Qh6 1-0


[Site "https://www.chess.com"]

[Event "Titled Tuesday Blitz September 21 2021"]
[White "Williams, Simon K"]
[Black "Tang, Zoey"]
[WhiteFideId "404454"]
[BlackFideId "30952530"]
[WhiteElo "2468"]
[BlackElo "1636"]
[Result "1/2-1/2"]
[Round "02"]
[TimeControl "180+1"]
[Date "2021.09.21"]
[WhiteClock "0:00:31"]
[BlackClock "0:00:18"]

1. d4 Nf6 2. Bg5 d5 3. Nd2 c5 4. e3 cxd4 5. exd4 Nc6 6. c3 e6 7. Ngf3 h6 8. Bh4 Be7 9. Bd3 O-O 10. O-O a6 11. a4 Rb8 12. Qe2 Bd7 13. Rfe1 Qc7 14. Ne5 Rfe8 15. Ndf3 Nxe5 16. Nxe5 b5 17. axb5 axb5 18. Bc2 b4 19. Qd3 Ne4 20. Bxe7 Rxe7 21. f3 Nf6 22. Rac1 Bb5 23. Qe3 bxc3 24. bxc3 Ree8 25. g4 Rec8 26. h4 Nd7 27. Nxf7 Qg3+ 28. Kh1 Qh3+ 29. Kg1 Qg3+ 30. Kh1 Qh3+ 31. Kg1 Qg3+ 1/2-1/2


[Site "https://www.chess.com"]

[Event "Titled Tuesday Blitz September 21 2021"]
[White "Yi, Richard"]
[Black "Arabidze, Meri"]
[WhiteFideId "2079518"]
[BlackFideId "13604040"]
[WhiteElo "2474"]
[BlackElo "2432"]
[Result "0-1"]
[Round "02"]
[TimeControl "180+1"]
[Date "2021.09.21"]
[WhiteClock "0:00:35"]
[BlackClock "0:00:45"]

1. e4 c5 2. Nf3 e6 3. g3 Nc6 4. Bg2 g6 5. O-O Bg7 6. c3 Nge7 7. d4 cxd4 8. Nxd4 O-O 9. Be3 d5 10. Na3 dxe4 11. Bxe4 Nxd4 12. Bxd4 Bxd4 13. Qxd4 Qxd4 14. cxd4 Bd7 15. Rfd1 Rfd8 16. Rd2 Bc6 17. Bg2 Bxg2 18. Kxg2 Nc6 19. Rad1 Rd5 20. Kf3 Rad8 21. Ke3 Nb4 22. Nc2 Nc6 23. f4 Ne7 24. g4 h5 25. h3 Kg7 26. a3 Rb5 27. Nb4 a5 28. Nd3 Rb3 29. Rc1 Nd5+ 30. Kf3 Nf6 31. g5 Nd5 32. Ke4 b6 33. Rcc2 Ne7 34. Rc3 Rb5 35. Ne5 Nd5 36. Rc4 Rb3 37. Nd3 Rd7 38. Rdc2 b5 39. Rc8 f5+ 40. gxf6+ Nxf6+ 41. Ke3 b4 42. axb4 axb4 43. R8c7 Nd5+ 44. Ke4 Rxc7 45. Nc5 Re3# 0-1


[Site "https://www.chess.com"]

[Event "Titled Tuesday Blitz September 21 2021"]
[White "Zavivaeva, Emilia"]
[Black "De Silva, L M S T"]
[WhiteFideId "34127531"]
[BlackFideId "9953698"]
[WhiteElo "1732"]
[BlackElo "1621"]
[Result "1-0"]
[Round "02"]
[TimeControl "180+1"]
[Date "2021.09.21"]
[WhiteClock "0:01:01"]
[BlackClock "0:00:20"]

1. e4 e5 2. Nf3 Nc6 3. Nc3 Nf6 4. d4 exd4 5. Nxd4 Bb4 6. Nxc6 bxc6 7. Bd3 d5 8. exd5 O-O 9. O-O cxd5 10. Bg5 c6 11. Qf3 h6 12. Bh4 Bd6 13. Bxf6 Qxf6 14. Qxf6 gxf6 15. Rad1 Be6 16. b3 Kg7 17. Ne2 c5 18. Ng3 d4 19. Nh5+ Kh8 20. Nxf6 Be7 21. Ne4 Kg7 22. f4 f5 23. Ng3 Kf6 24. Rfe1 Bd6 25. Nh5+ Kf7 26. Re2 Rae8 27. Rde1 Bd7 28. Rxe8 Bxe8 29. Bxf5 Kg8 30. Be6+ Kh7 31. Bg4 Bxh5 32. Bxh5 Bxf4 33. Bf3 Be3+ 34. Kf1 Re8 35. h3 Kg6 36. Ke2 Kg5 37. Kd3 Kf4 38. Kc4 Re5 39. Re2 h5 40. Kb5 h4 41. Ka6 Re6+ 42. Kxa7 c4 43. bxc4 d3+ 44. Rxe3 Kxe3 45. cxd3 Kxd3 46. c5 Kd4 47. c6 Kc5 48. c7 Kd6 49. c8=Q Ke5 50. Qxe6+ Kf4 51. Kb6 Kg3 52. Qg4+ Kf2 53. Qxh4+ 1-0


[Site "https://www.chess.com"]

[Event "Titled Tuesday Blitz September 21 2021"]
[White "Zhigalko, Sergei"]
[Black "Martinovici, Ilia"]
[WhiteFideId "13502956"]
[BlackFideId "13907034"]
[WhiteElo "2662"]
[BlackElo "2303"]
[Result "1-0"]
[Round "02"]
[TimeControl "180+1"]
[Date "2021.09.21"]
[WhiteClock "0:00:37"]
[BlackClock "0:00:12"]

1. e4 c5 2. Nf3 e6 3. c3 Nf6 4. e5 Nd5 5. Bc4 Nb6 6. Bb3 d6 7. exd6 Bxd6 8. d4 cxd4 9. cxd4 N8d7 10. O-O Nf6 11. Nc3 O-O 12. Re1 Nbd5 13. Bg5 Be7 14. Ne5 Bd7 15. Nxd5 Nxd5 16. Bxd5 Bxg5 17. Bxb7 Rb8 18. Bc6 Bc8 19. b3 Rb4 20. d5 Bf6 21. Rc1 exd5 22. Bxd5 Bxe5 23. Rxe5 Qf6 24. Qe1 Rf4 25. Rxc8 1-0


[Site "https://www.chess.com"]

[Event "Titled Tuesday Blitz September 21 2021"]
[White "Ziatdinov, Raset"]
[Black "Ozen, Bahadir"]
[WhiteFideId "2015323"]
[BlackFideId "6337058"]
[WhiteElo "2220"]
[BlackElo "2503"]
[Result "0-1"]
[Round "02"]
[TimeControl "180+1"]
[Date "2021.09.21"]
[WhiteClock "0:01:04"]
[BlackClock "0:01:44"]

1. e4 c6 2. d4 d5 3. exd5 cxd5 4. Bd3 Nf6 5. Bf4 Bg4 6. Nf3 e6 7. O-O Bd6 8. Bxd6 Qxd6 9. h3 Bh5 10. Nbd2 Nc6 11. c3 O-O 12. Re1 Rab8 13. Qc2 Rfc8 14. Qa4 Nd7 15. Qc2 Bg6 16. Bxg6 hxg6 17. Qd3 b5 18. Ne5 Ncxe5 0-1


[Site "https://www.chess.com"]

[Event "Titled Tuesday Blitz September 21 2021"]
[White "Zubov, Alexander"]
[Black "Karpeshov, Oleg"]
[WhiteFideId "14109409"]
[BlackFideId "4106814"]
[WhiteElo "2740"]
[BlackElo "2354"]
[Result "1-0"]
[Round "02"]
[TimeControl "180+1"]
[Date "2021.09.21"]
[WhiteClock "0:01:08"]
[BlackClock "0:01:13"]

1. d4 Nf6 2. c4 e6 3. Nf3 Bb4+ 4. Bd2 Qe7 5. g3 Nc6 6. Nc3 O-O 7. Bg2 Bxc3 8. Bxc3 Ne4 9. Rc1 d6 10. d5 Nd8 11. O-O a5 12. Be1 e5 13. Nh4 Nc5 14. e4 g6 15. Bc3 f5 16. exf5 gxf5 17. f4 Nf7 18. Re1 Bd7 19. Rc2 Qf6 20. Rce2 b6 21. b3 Rae8 22. Bh3 Re7 23. Qc2 Ne4 24. Bb2 Rfe8 25. Bxf5 Bxf5 26. Nxf5 Qxf5 27. Qxe4 Qh5 28. Qg2 Kf8 29. g4 Qh4 30. fxe5 Nxe5 31. Bxe5 Rxe5 32. Rxe5 Rxe5 33. Rxe5 dxe5 34. Qf2+ Qxf2+ 35. Kxf2 1-0


[Site "https://www.chess.com"]

[Event "Titled Tuesday Blitz September 21 2021"]
[White "Abdrlauf, Elham"]
[Black "Solon, Nathan"]
[WhiteFideId "1533533"]
[BlackFideId "2017229"]
[WhiteElo "2347"]
[BlackElo "2691"]
[Result "0-1"]
[Round "03"]
[TimeControl "180+1"]
[Date "2021.09.21"]
[WhiteClock "0:00:54"]
[BlackClock "0:01:15"]

1. e4 c5 2. Nf3 d6 3. d4 cxd4 4. Nxd4 Nf6 5. Nc3 a6 6. Bc4 e6 7. Be3 b5 8. Bb3 Be7 9. a3 O-O 10. h4 Bb7 11. h5 h6 12. f3 Nc6 13. Qe2 Na5 14. Ba2 Rc8 15. g4 Nd7 16. Qd2 Ne5 17. Qe2 Nac4 18. Bxc4 Nxc4 19. Bc1 Bf6 20. Nb3 d5 21. O-O Bxc3 22. bxc3 dxe4 23. fxe4 Qh4 24. Bf4 e5 25. Bh2 Rcd8 26. Nc5 Bc8 27. Nd3 Bxg4 28. Qf2 Qxh5 29. a4 f5 30. Nxe5 Rd2 31. Qf4 g5 32. Qg3 f4 33. Nxg4 fxg3 34. Rxf8+ Kxf8 35. Rf1+ Ke7 0-1


[Site "https://www.chess.com"]

[Event "Titled Tuesday Blitz September 21 2021"]
[White "Alikhanov, Felix"]
[Black "Suvorov, Luca"]
[WhiteFideId "4157427"]
[BlackFideId "12977071"]
[WhiteElo "2425"]
[BlackElo "2127"]
[Result "1/2-1/2"]
[Round "03"]
[TimeControl "180+1"]
[Date "2021.09.21"]
[WhiteClock "0:01:28"]
[BlackClock "0:00:17"]

1. e4 e5 2. Nf3 Nc6 3. Bb5 a6 4. Bxc6 dxc6 5. O-O Bg4 6. h3 h5 7. d3 Qf6 8. Be3 Bxf3 9. Qxf3 Qxf3 10. gxf3 Bd6 11. Rd1 Ne7 12. Kf1 f6 13. Ke2 g5 14. Nd2 Ng6 15. a4 a5 16. Nc4 Kd7 17. c3 Ra6 18. d4 Ke6 19. d5+ cxd5 20. Rxd5 Rha8 21. Rad1 Ne7 22. Rb5 Rc6 23. Rxa5 Rxa5 24. Nxa5 Ra6 25. Nxb7 Rxa4 26. Nxd6 cxd6 27. Kd3 Ng6 28. Kc2 Nh4 29. b4 Nxf3 30. b5 Ra8 31. Kb3 g4 32. hxg4 h4 33. Kb4 h3 34. Rh1 h2 35. b6 Kd7 36. Kc4 Kc6 37. Kd3 Ra2 38. Rb1 Kb7 39. Rh1 Kc6 40. Rb1 Kb7 41. Rh1 Rb2 42. Kc4 Kc6 43. Kd3 Ra2 1/2-1/2


[Site "https://www.chess.com"]